[Event "45th National Sub Junior 2019"]
[Site "Tiruchengode"]
[Date "2019.07.11"]
[Round "4.6"]
[White "Ajay Karthikeyan"]
[Black "Praloy Sahoo"]
[Result "*"]
[ECO "A01"]
[WhiteElo "2216"]
[BlackElo "1905"]
[Annotator "NA"]
[PlyCount "46"]
[EventDate "2019.07.09"]
[EventCountry "IND"]
[SourceTitle "playchess.com"]
[Source "ChessBase"]
[SourceQuality "1"]
[TimeControl "5400+30"]

1. b3 e5 2. Bb2 Nc6 3. e3 d6 4. c4 Be7 5. Nf3 f5 6. d4 e4 7. Nfd2 Nf6 8. Nc3 O-O 9. Be2 d5 10. O-O Be6 11. f3 $11 Bb4 12. Nxd5 Nxd5 13. cxd5 Bxd5 14. fxe4 fxe4 15. Rxf8+ Qxf8 16. Bc4 Bxc4 17. bxc4 Bxd2 18. Qxd2 Qe7 19. a3 Rf8 20. Bc3 Qg5 21. Qe2 b6 22. Rf1 Rf7 23. Rf4 Rxf4 *

[Event "45th National Sub Junior 2019"]
[Site "Tiruchengode"]
[Date "2019.07.11"]
[Round "4.7"]
[White "Abhinessh S"]
[Black "Nikhil Magizhnan"]
[Result "0-1"]
[ECO "C00"]
[WhiteElo "1898"]
[BlackElo "2164"]
[Annotator "NA"]
[PlyCount "52"]
[EventDate "2019.07.09"]
[EventCountry "IND"]
[SourceTitle "playchess.com"]
[Source "ChessBase"]
[SourceQuality "1"]
[TimeControl "5400+30"]

1. e4 e6 2. c4 d5 3. exd5 exd5 4. cxd5 Nf6 5. Nf3 Nxd5 6. d4 Bb4+ 7. Bd2 Qe7+ 8. Qe2 Be6 9. Nc3 Bxc3 (9... Nc6 $15) 10. bxc3 O-O $11 11. g3 Nb6 12. Bg2 Qa3 13. O-O Bc4 14. Qe4 N8d7 15. Rfe1 Bd5 16. Qf5 Nf6 17. Bh6 Be6 18. Qg5 Ne8 19. Bh3 Kh8 20. g4 Qxc3 21. Qe7 Nf6 22. Ng5 Nbd5 23. Bxg7+ Kxg7 24. Nxe6+ Kg8 25. Qxf8+ Rxf8 26. Nxf8 Qxh3 0-1

[Event "45th National Sub Junior 2019"]
[Site "Tiruchengode"]
[Date "2019.07.11"]
[Round "4.8"]
[White "Shreyas Ghadi"]
[Black "Sanket Chakravarty"]
[Result "0-1"]
[ECO "E97"]
[WhiteElo "1709"]
[BlackElo "2107"]
[Annotator "NA"]
[PlyCount "98"]
[EventDate "2019.07.09"]
[EventCountry "IND"]
[SourceTitle "playchess.com"]
[Source "ChessBase"]
[SourceQuality "1"]
[TimeControl "5400+30"]

1. d4 Nf6 2. c4 g6 3. Nc3 Bg7 4. e4 d6 5. Nf3 O-O 6. Be2 e5 7. O-O Nc6 8. d5 Ne7 9. b4 a5 10. bxa5 c5 11. a4 Ne8 12. Rb1 Rxa5 13. Bd2 h6 14. Qc1 Kh7 15. Qb2 Ra6 $14 16. Ne1 f5 17. f3 f4 18. Nd3 g5 19. Qc2 Ng6 20. Rb2 h5 21. h3 Rf7 22. Rfb1 Bf8 23. Nd1 Kg8 24. a5 Nf6 25. N1f2 Rg7 26. Bc3 Qe8 27. Rb6 Rxb6 28. Rxb6 Qe7 29. Qb2 Ne8 30. Ne1 Nh4 31. Qc2 Nf6 32. Qd1 Rg6 33. Ned3 Qg7 34. Qb1 g4 35. fxg4 hxg4 36. hxg4 Nxg4 37. Bxg4 Bxg4 38. Nxf4 Rf6 39. Rxb7 Bd7 40. N2d3 Qg3 41. Be1 Nf3+ 42. Kf1 Nxe1 43. Qxe1 Qxd3+ 44. Kg1 Qd4+ 45. Qf2 Qxf2+ 46. Kxf2 Rxf4+ 47. Ke3 Bc8 48. a6 Rf1 49. Ra7 Ra1 0-1

[Event "45th National Sub Junior 2019"]
[Site "Tiruchengode"]
[Date "2019.07.11"]
[Round "4.9"]
[White "Samant Aditya S"]
[Black "Rithvik Raja M"]
[Result "1-0"]
[ECO "B67"]
[WhiteElo "2296"]
[BlackElo "1766"]
[Annotator "ChessBase"]
[PlyCount "55"]
[EventDate "2019.07.09"]
[EventCountry "IND"]
[SourceTitle "playchess.com"]
[Source "ChessBase"]
[SourceQuality "1"]
[TimeControl "5400+30"]

1. e4 c5 2. Nf3 d6 3. d4 cxd4 4. Nxd4 Nf6 5. Nc3 Nc6 6. Bg5 e6 7. Qd2 a6 8. O-O-O Bd7 9. f4 b5 10. Bxf6 gxf6 11. Kb1 Qb6 12. Nxc6 Bxc6 13. f5 b4 14. Ne2 Bxe4 15. fxe6 fxe6 16. Nf4 d5 17. Bd3 Bxd3 18. Qxd3 O-O-O 19. Rhe1 Rd6 20. Rxe6 Rxe6 21. Qf5 Qe3 22. Nxe6 Bh6 23. Qxd5 Kb8 24. Qd6+ Ka7 25. Qc7+ Ka8 26. Nc5 Rb8 27. Qc6+ Ka7 28. Qxa6# 1-0

[Event "45th National Sub Junior 2019"]
[Site "Tiruchengode"]
[Date "2019.07.11"]
[Round "4.10"]
[White "Raja Rithvik R"]
[Black "Potawad Anirudhha"]
[Result "1-0"]
[ECO "A18"]
[WhiteElo "2357"]
[BlackElo "1830"]
[Annotator "ChessBase"]
[PlyCount "55"]
[EventDate "2019.07.09"]
[EventCountry "IND"]
[SourceTitle "playchess.com"]
[Source "ChessBase"]
[SourceQuality "1"]
[TimeControl "5400+30"]

1. c4 Nf6 2. Nc3 e6 3. e4 d5 4. e5 d4 5. exf6 dxc3 6. bxc3 Qxf6 7. d4 Bd6 8. Nf3 h6 9. Bd3 Nd7 10. O-O O-O 11. Qe2 Re8 12. Qe4 Nf8 13. c5 Be7 14. Bf4 Bd7 15. Ne5 Rad8 16. Nxd7 Rxd7 17. Be5 Qg6 18. Qf3 Qg5 19. Qxb7 Bxc5 20. Bb5 c6 21. Qxc6 Be7 22. Qf3 Red8 23. Bxd7 Rxd7 24. Rab1 Qd2 25. a4 Qc2 26. Qc6 f6 27. Rb8 Bd8 28. Bd6 1-0

[Event "45th National Sub Junior 2019"]
[Site "Tiruchengode"]
[Date "2019.07.12"]
[Round "5.1"]
[White "Nikhil Magizhnan"]
[Black "Rohith Krishna S"]
[Result "1/2-1/2"]
[ECO "C69"]
[WhiteElo "2164"]
[BlackElo "2312"]
[Annotator "NA"]
[PlyCount "50"]
[EventDate "2019.07.09"]
[EventCountry "IND"]
[SourceTitle "playchess.com"]
[Source "ChessBase"]
[SourceQuality "1"]
[TimeControl "5400+30"]

1. e4 e5 2. Nf3 Nc6 3. Bb5 a6 4. Bxc6 dxc6 5. O-O f6 6. d4 exd4 7. Nxd4 c5 8. Nb3 Qxd1 9. Rxd1 Bd6 10. a4 Be6 11. Be3 Bxb3 12. cxb3 O-O-O 13. Na3 Ne7 14. Nc4 Nc6 15. Rac1 Rhe8 16. f3 Bf8 17. Kf2 Rxd1 18. Rxd1 Rd8 19. Rc1 Kd7 20. Ke2 Ke6 21. Bf2 Rd7 22. Be3 Rd8 23. Bf2 Rd7 24. Be3 Rd8 25. Bf2 Rd7 1/2-1/2

[Event "45th National Sub Junior 2019"]
[Site "Tiruchengode"]
[Date "2019.07.12"]
[Round "5.2"]
[White "Aaryan Varshney"]
[Black "Sanket Chakravarty"]
[Result "1/2-1/2"]
[ECO "E99"]
[WhiteElo "2284"]
[BlackElo "2107"]
[Annotator "NA"]
[PlyCount "60"]
[EventDate "2019.07.09"]
[EventCountry "IND"]
[SourceTitle "playchess.com"]
[Source "ChessBase"]
[SourceQuality "1"]
[TimeControl "5400+30"]

1. d4 Nf6 2. Nf3 g6 3. c4 Bg7 4. Nc3 d6 5. e4 O-O 6. Be2 e5 7. O-O Nc6 8. d5 Ne7 9. Ne1 Nd7 10. Be3 f5 11. f3 f4 12. Bf2 g5 13. Nd3 Nf6 14. c5 Ng6 15. Rc1 Rf7 16. cxd6 cxd6 17. a4 h5 18. Nb5 g4 19. a5 g3 20. hxg3 fxg3 21. Bxg3 Bh6 22. Bf2 Rg7 23. Re1 h4 24. Nxa7 Bxc1 25. Qxc1 Nh5 26. Bb6 Qd7 27. Nf2 Ngf4 28. Ng4 Rxg4 29. fxg4 Nxe2+ 30. Rxe2 Qxg4 1/2-1/2

[Event "45th National Sub Junior 2019"]
[Site "Tiruchengode"]
[Date "2019.07.12"]
[Round "5.3"]
[White "Srihari, L."]
[Black "Raja Rithvik R"]
[Result "0-1"]
[ECO "C54"]
[WhiteElo "2077"]
[BlackElo "2357"]
[Annotator "ChessBase"]
[PlyCount "80"]
[EventDate "2019.07.09"]
[EventCountry "IND"]
[SourceTitle "playchess.com"]
[Source "ChessBase"]
[SourceQuality "1"]
[TimeControl "5400+30"]

1. e4 e5 2. Nf3 Nc6 3. Bc4 Bc5 4. c3 Nf6 5. d3 O-O 6. O-O d5 7. exd5 Nxd5 8. Nbd2 Nb6 9. Ne4 Nxc4 10. Nxc5 Nd6 11. h3 b6 12. Ne4 Bb7 13. Re1 Re8 14. b3 f5 15. Ng3 Qd7 16. Bb2 Rad8 17. Qc2 Nf7 18. Rad1 a5 19. a3 Na7 20. Qe2 c5 21. c4 Nc6 22. Kh2 g6 23. Bc1 Re6 24. Bb2 Rde8 25. Qd2 Nd4 26. Nxd4 exd4 27. Kg1 Qc6 28. f3 Ne5 29. Rf1 Qc7 30. Kf2 Nxf3 31. gxf3 Re3 32. Kg2 Qf4 33. Rf2 h5 34. Nf1 Bxf3+ 35. Kg1 Qg5+ 36. Kh2 Bxd1 37. Qxd1 Qh4 38. Nxe3 Qxf2+ 39. Ng2 Re2 40. Qg1 Rxb2 0-1

[Event "45th National Sub Junior 2019"]
[Site "Tiruchengode"]
[Date "2019.07.12"]
[Round "5.4"]
[White "Pranesh M"]
[Black "Mahitosh Dey"]
[Result "1/2-1/2"]
[ECO "C60"]
[WhiteElo "2343"]
[BlackElo "1955"]
[Annotator "NA"]
[PlyCount "66"]
[EventDate "2019.07.09"]
[EventCountry "IND"]
[SourceTitle "playchess.com"]
[Source "ChessBase"]
[SourceQuality "1"]
[TimeControl "5400+30"]

1. e4 e5 2. Nf3 Nc6 3. Bb5 Nge7 4. d4 exd4 5. Nxd4 g6 6. Nxc6 Nxc6 7. Bxc6 dxc6 8. Qxd8+ Kxd8 9. Bg5+ Be7 10. Bxe7+ Kxe7 11. Nc3 Be6 12. Ke2 f6 13. Ke3 Rad8 14. Rad1 Rd6 15. Rd3 Rhd8 16. b3 a6 17. Na4 b6 18. Rxd6 Rxd6 19. c4 c5 20. Nc3 Rd8 21. h4 h5 22. Rc1 Rc8 23. f3 Rd8 24. Ne2 c6 25. Nf4 Bf7 26. Nd3 Be6 27. Rc2 Rc8 28. g3 Rc7 29. Rc1 Rc8 30. Rd1 Rd8 31. Rd2 a5 32. a4 Rc8 33. e5 Bf5 1/2-1/2

[Event "45th National Sub Junior 2019"]
[Site "Tiruchengode"]
[Date "2019.07.12"]
[Round "5.5"]
[White "Pranav Vijay"]
[Black "Aditya Varun Gampa"]
[Result "1-0"]
[ECO "B47"]
[WhiteElo "2265"]
[BlackElo "1918"]
[Annotator "NA"]
[PlyCount "101"]
[EventDate "2019.07.09"]
[EventCountry "IND"]
[SourceTitle "playchess.com"]
[Source "ChessBase"]
[SourceQuality "1"]
[TimeControl "5400+30"]

1. e4 c5 2. Nf3 e6 3. d4 cxd4 4. Nxd4 Nc6 5. Nc3 Qc7 6. g3 a6 7. Bg2 Nf6 8. O-O Nxd4 9. Qxd4 Bc5 10. Qd1 h5 11. Bf4 d6 12. h3 b5 13. Bxd6 Bxd6 14. e5 Bxe5 15. Bxa8 Bxg3 16. fxg3 Qa7+ 17. Rf2 Qxa8 18. Qd6 Bd7 19. Rd1 Qb7 20. Qd4 Rh6 21. Rd3 Rg6 22. Rxf6 gxf6 23. Ne4 e5 24. Nd6+ Kf8 25. Nxb7 exd4 26. Kh2 f5 27. Rxd4 Bc6 28. Nc5 a5 29. c3 Ke7 30. Rd2 Rg5 31. Nd3 Rg8 32. Nf4 Rh8 33. h4 Be4 34. Kg1 b4 35. c4 a4 36. Kf2 a3 37. b3 Rd8 38. Rxd8 Kxd8 39. Ne2 Bb1 40. Nc1 Kc7 41. Ke3 Kb6 42. Kd4 f6 43. Kd5 Be4+ 44. Kd6 Kb7 45. c5 Kc8 46. c6 Kd8 47. Ne2 Bb1 48. Nd4 Bd3 49. c7+ Kc8 50. Nc6 Bb5 51. Ne7+ 1-0

[Event "45th National Sub Junior 2019"]
[Site "Tiruchengode"]
[Date "2019.07.12"]
[Round "5.6"]
[White "Anadkat Kartavya"]
[Black "Samant Aditya S"]
[Result "1/2-1/2"]
[ECO "B67"]
[WhiteElo "1941"]
[BlackElo "2296"]
[Annotator "NA"]
[PlyCount "78"]
[EventDate "2019.07.09"]
[EventCountry "IND"]
[SourceTitle "playchess.com"]
[Source "ChessBase"]
[SourceQuality "1"]
[TimeControl "5400+30"]

1. e4 c5 2. Nf3 d6 3. d4 cxd4 4. Nxd4 Nf6 5. Nc3 Nc6 6. Bg5 e6 7. Qd2 a6 8. O-O-O Bd7 9. f4 b5 10. Bxf6 gxf6 11. Kb1 Qb6 12. Nxc6 Bxc6 13. f5 b4 14. Ne2 e5 15. Ng3 h5 16. h4 Qc5 17. Bd3 Bh6 18. Qe2 Qe3 19. Rh3 Qxe2 20. Bxe2 Ke7 21. Bf3 Be3 22. Nxh5 Bc5 23. g4 Rag8 24. Rh2 Rh7 25. Rg2 Rgh8 26. Re1 a5 27. Rh1 a4 28. Rg3 Bd4 29. Rd1 Bc5 30. Rh1 Bb7 31. Rd1 Ba6 32. Rg2 Bc4 33. Rgd2 Bb5 34. Ka1 Bc4 35. Kb1 a3 36. b3 Bb5 37. Rg2 Bc6 38. Rgd2 Bb7 39. Rg2 Bc6 1/2-1/2

[Event "45th National Sub Junior 2019"]
[Site "Tiruchengode"]
[Date "2019.07.12"]
[Round "5.7"]
[White "Praloy Sahoo"]
[Black "Kushagra Mohan"]
[Result "0-1"]
[ECO "B09"]
[WhiteElo "1905"]
[BlackElo "2250"]
[Annotator "NA"]
[PlyCount "114"]
[EventDate "2019.07.09"]
[EventCountry "IND"]
[SourceTitle "playchess.com"]
[Source "ChessBase"]
[SourceQuality "1"]
[TimeControl "5400+30"]

1. e4 d6 2. d4 Nf6 3. Nc3 g6 4. f4 Bg7 5. Nf3 c5 6. Bb5+ Bd7 7. e5 Ng4 8. e6 Bxb5 9. exf7+ Kf8 10. Nxb5 Qa5+ 11. Nc3 cxd4 12. Nxd4 Kxf7 13. O-O Qc5 14. Qxg4 Bxd4+ 15. Kh1 Bxc3 16. bxc3 Qf5 17. Qe2 Nd7 18. Rb1 b6 19. Be3 Rac8 20. Bd4 Rhe8 21. Rbe1 Kg8 22. Rf3 Rc7 23. h3 Nc5 24. Kg1 e6 25. c4 Rce7 26. Kh2 Nd7 27. Qd2 e5 28. Bc3 Qe6 29. Rd3 Qxc4 30. Rxd6 Qxf4+ 31. Qxf4 exf4 32. Rxe7 Rxe7 33. Bd2 g5 34. h4 h6 35. Bc3 Kh7 36. hxg5 hxg5 37. Kh3 Re3+ 38. Kg4 Ne5+ 39. Bxe5 Rxe5 40. g3 fxg3 41. Kxg3 Ra5 42. Kg4 Kg7 43. a4 Kf7 44. Rd4 Ke6 45. Rb4 Kd6 46. Kh5 Kc6 47. Re4 Kb7 48. Kg4 Ka6 49. Rd4 Rc5 50. Rd2 Ka5 51. Rd7 a6 52. Rd4 Rxc2 53. Kxg5 Ra2 54. Rd5+ Kxa4 55. Kf4 b5 56. Ke3 Rc2 57. Rd1 Rc6 0-1

[Event "45th National Sub Junior 2019"]
[Site "Tiruchengode"]
[Date "2019.07.12"]
[Round "5.8"]
[White "Rathneesh R"]
[Black "Ayushh Ravikumar"]
[Result "1/2-1/2"]
[ECO "C54"]
[WhiteElo "2226"]
[BlackElo "1946"]
[Annotator "NA"]
[PlyCount "124"]
[EventDate "2019.07.09"]
[EventCountry "IND"]
[SourceTitle "playchess.com"]
[Source "ChessBase"]
[SourceQuality "1"]
[TimeControl "5400+30"]

1. e4 e5 2. Nf3 Nc6 3. Bc4 Bc5 4. O-O Nf6 5. d3 d6 6. c3 a6 7. Bb3 h6 8. Re1 Ba7 9. Nbd2 Ne7 10. Nf1 Ng6 11. Ng3 O-O 12. h3 Kh7 13. d4 Bd7 14. Be3 Qc8 15. Qd3 b5 16. dxe5 dxe5 17. Bxa7 Rxa7 18. Qe3 Ra8 19. Rad1 Be6 20. Bxe6 Qxe6 21. b3 Nd7 22. Nf5 Rfd8 23. Rd2 Ndf8 24. Red1 Rxd2 25. Rxd2 Rc8 26. g3 Nd7 27. Nh2 Nf6 28. Ng4 Nxg4 29. hxg4 f6 30. Qc5 Nf8 31. Qd5 Qxd5 32. Rxd5 g6 33. Ne7 Re8 34. Nc6 Re6 35. Nb8 Rb6 36. Nd7 Nxd7 37. Rxd7+ Kg8 38. Rxc7 Rd6 39. a4 bxa4 40. bxa4 Rd1+ 41. Kg2 Ra1 42. Rc4 g5 43. Kf3 Kf7 44. Ke2 Ra2+ 45. Ke3 Kg6 46. Rb4 a5 47. Rc4 Ra1 48. Kd3 Ra2 49. Ke3 Kf7 50. f4 gxf4+ 51. gxf4 exf4+ 52. Kxf4 Kg6 53. Rd4 Ra3 54. Rc4 Ra1 55. Rc6 Rxa4 56. c4 Ra1 57. e5 Rf1+ 58. Kg3 Kf7 59. exf6 Rxf6 60. Rc7+ Kg6 61. c5 a4 62. c6 a3 1/2-1/2

[Event "45th National Sub Junior 2019"]
[Site "Tiruchengode"]
[Date "2019.07.12"]
[Round "5.9"]
[White "Konatham Snehil"]
[Black "Ajay Karthikeyan"]
[Result "0-1"]
[ECO "C41"]
[WhiteElo "1869"]
[BlackElo "2216"]
[Annotator "NA"]
[PlyCount "56"]
[EventDate "2019.07.09"]
[EventCountry "IND"]
[SourceTitle "playchess.com"]
[Source "ChessBase"]
[SourceQuality "1"]
[TimeControl "5400+30"]

1. d4 d6 2. e4 Nf6 3. Nc3 Nbd7 4. Nf3 e5 5. Be3 Be7 6. dxe5 dxe5 7. Bc4 O-O 8. O-O c6 9. Qd3 b5 10. Bb3 Ng4 11. Rad1 Nxe3 12. Qxe3 Qc7 13. Ne2 Nc5 14. Ng3 a5 15. c3 Nxb3 16. axb3 Be6 17. Nf5 Bxb3 18. Rd2 f6 19. N3h4 Rfd8 20. Qg3 Bf8 21. Rxd8 Rxd8 22. Ne3 a4 23. Ng4 Kh8 24. Qh3 Qf7 25. Nf3 Qg6 26. Re1 Be6 27. Ngxe5 fxe5 28. Qh4 Qf6 0-1

[Event "45th National Sub Junior 2019"]
[Site "Tiruchengode"]
[Date "2019.07.12"]
[Round "5.10"]
[White "Arjun, Gupta"]
[Black "Soham Kamotra"]
[Result "0-1"]
[ECO "D02"]
[WhiteElo "1851"]
[BlackElo "2136"]
[Annotator "NA"]
[PlyCount "66"]
[EventDate "2019.07.09"]
[EventCountry "IND"]
[SourceTitle "playchess.com"]
[Source "ChessBase"]
[SourceQuality "1"]
[TimeControl "5400+30"]

1. d4 Nf6 2. Bf4 e6 3. e3 b6 4. Nf3 Bb7 5. Bd3 d5 6. Nbd2 Bd6 7. Ne5 O-O 8. Bg3 c5 9. c3 Nc6 10. f4 Ne7 11. Qf3 Nf5 12. Bf2 Be7 13. g4 Nd6 14. g5 Nfe4 15. Rg1 Qe8 16. h4 f5 17. gxf6 Bxf6 18. h5 Rc8 19. Ke2 Rc7 20. Rg2 cxd4 21. exd4 Bxe5 22. dxe5 Nxd2 23. Kxd2 Nc4+ 24. Kc2 Nxe5 25. Qe2 Nxd3 26. Qxd3 d4 27. Rg4 dxc3 28. bxc3 Qa4+ 29. Kb2 Be4 30. Qd4 Qc2+ 31. Ka3 Rxc3+ 32. Kb4 Qb2+ 33. Ka4 Ra3# 0-1

[Event "45th National Sub Junior 2019"]
[Site "Tiruchengode"]
[Date "2019.07.12"]
[Round "6.1"]
[White "Raja Rithvik R"]
[Black "Nikhil Magizhnan"]
[Result "1-0"]
[ECO "D34"]
[WhiteElo "2357"]
[BlackElo "2164"]
[Annotator "ChessBase"]
[PlyCount "87"]
[EventDate "2019.07.09"]
[EventCountry "IND"]
[SourceTitle "playchess.com"]
[Source "ChessBase"]
[SourceQuality "1"]
[TimeControl "5400+30"]

1. Nf3 Nf6 2. c4 e6 3. g3 d5 4. d4 c5 5. Bg2 cxd4 6. O-O Be7 7. Nxd4 O-O 8. cxd5 exd5 9. Nc3 Nc6 10. Be3 Be6 11. Qa4 Qd7 12. Rfd1 Bh3 13. Bh1 Rfd8 14. Rac1 Be6 15. Ncb5 Bg4 16. Nxc6 bxc6 17. Nd4 c5 18. Qxd7 Rxd7 19. Nc6 Rc8 20. Ne5 Rdd8 21. Nxg4 Nxg4 22. Bf4 Nf6 23. Rc2 h6 24. Bf3 Rd7 25. Be5 Rcd8 26. Rcd2 Kf8 27. b3 a5 28. e3 h5 29. h3 g6 30. Kg2 a4 31. g4 axb3 32. axb3 hxg4 33. hxg4 Ke8 34. Rh1 Ng8 35. Rhd1 Bf6 36. Bxd5 Bxe5 37. Bc6 Nf6 38. g5 Kf8 39. Bxd7 Ne4 40. Rc2 Nc3 41. Rd3 Ke7 42. Bb5 Nxb5 43. Rxd8 Kxd8 44. Rxc5 1-0

[Event "45th National Sub Junior 2019"]
[Site "Tiruchengode"]
[Date "2019.07.12"]
[Round "6.2"]
[White "Rohith Krishna S"]
[Black "Kushagra Mohan"]
[Result "1-0"]
[ECO "E05"]
[WhiteElo "2312"]
[BlackElo "2250"]
[Annotator "NA"]
[PlyCount "61"]
[EventDate "2019.07.09"]
[EventCountry "IND"]
[SourceTitle "playchess.com"]
[Source "ChessBase"]
[SourceQuality "1"]
[TimeControl "5400+30"]

1. Nf3 Nf6 2. g3 d5 3. d4 e6 4. Bg2 Be7 5. O-O O-O 6. c4 dxc4 7. Nc3 c5 8. dxc5 Qa5 9. Qd4 Nc6 10. Qxc4 Qxc5 11. Qxc5 Bxc5 12. Bf4 Nh5 13. Bc7 Nf6 14. Rfd1 Bd7 15. Rac1 Rac8 16. Bf4 Rfd8 17. Nb5 Ne4 18. Nfd4 Nxd4 19. Nxd4 f5 20. Bxe4 fxe4 21. Nb3 Bb6 22. Bg5 Rf8 23. Rxd7 Rxc1+ 24. Bxc1 Rxf2 25. e3 Re2 26. Rd2 Re1+ 27. Kf2 Rh1 28. Kg2 Re1 29. Rc2 Bxe3 30. Bxe3 Rxe3 31. Kf2 1-0

[Event "45th National Sub Junior 2019"]
[Site "Tiruchengode"]
[Date "2019.07.12"]
[Round "6.3"]
[White "Ajay Karthikeyan"]
[Black "Pranav Vijay"]
[Result "0-1"]
[ECO "E14"]
[WhiteElo "2216"]
[BlackElo "2265"]
[Annotator "ChessBase"]
[PlyCount "60"]
[EventDate "2019.07.09"]
[EventCountry "IND"]
[SourceTitle "playchess.com"]
[Source "ChessBase"]
[SourceQuality "1"]
[TimeControl "5400+30"]

1. Nf3 Nf6 2. b3 e6 3. Bb2 d5 4. e3 b6 5. d4 Bd6 6. Bd3 Bb7 7. O-O O-O 8. c4 Nbd7 9. Nbd2 Ne4 10. Rc1 f5 11. cxd5 exd5 12. Ne5 Qe7 13. f4 Ndf6 14. Bb5 a6 15. Bc6 Bxc6 16. Nxc6 Qe8 17. Nxe4 Nxe4 18. b4 Kh8 19. a3 Rf6 20. Qe2 Bxf4 21. Ne5 Bxh2+ 22. Kxh2 Rh6+ 23. Kg1 Rh1+ 24. Kxh1 Ng3+ 25. Kg1 Nxe2+ 26. Kf2 Nxc1 27. Rxc1 Rc8 28. Rc6 Qh5 29. Bc3 Qh4+ 30. Ke2 Qe4 0-1

[Event "45th National Sub Junior 2019"]
[Site "Tiruchengode"]
[Date "2019.07.12"]
[Round "6.4"]
[White "Soham Kamotra"]
[Black "Aaryan Varshney"]
[Result "1/2-1/2"]
[ECO "A29"]
[WhiteElo "2136"]
[BlackElo "2284"]
[Annotator "NA"]
[PlyCount "186"]
[EventDate "2019.07.09"]
[EventCountry "IND"]
[SourceTitle "playchess.com"]
[Source "ChessBase"]
[SourceQuality "1"]
[TimeControl "5400+30"]

1. c4 e5 2. g3 Nf6 3. Bg2 d5 4. cxd5 Nxd5 5. Nc3 Nb6 6. Nf3 Nc6 7. O-O Be7 8. d3 O-O 9. a3 Be6 10. b4 a5 11. b5 Nd4 12. Nd2 c6 13. bxc6 Nxc6 14. Rb1 Rb8 15. Nde4 Nd5 16. Nxd5 Bxd5 17. Rb5 Kh8 18. Nc3 Bxg2 19. Kxg2 f6 20. Qa4 Qd6 21. Rd5 Qe6 22. Be3 Bb4 23. axb4 axb4 24. Bc5 bxc3 25. Rd6 Qe8 26. Rxc6 Rf7 27. Bd6 Ra8 28. Qxa8 Qxa8 29. Rxc3 h6 30. Rfc1 Kh7 31. f3 Rd7 32. Ra3 Qd8 33. Bc5 Rd5 34. Rb3 Qa5 35. Ba3 b5 36. Rcb1 h5 37. Bb4 Qb6 38. Be1 f5 39. Bf2 Qc6 40. e4 fxe4 41. dxe4 Rd2 42. Rxb5 h4 43. R5b2 h3+ 44. Kxh3 Rxb2 45. Rxb2 Qc3 46. Ra2 Qxf3 47. Bg1 Kg6 48. Rf2 Qxe4 49. g4 Qd3+ 50. Kg2 e4 51. Rf5 Kh7 52. Rh5+ Kg8 53. Rh3 Qe2+ 54. Bf2 Qxg4+ 55. Rg3 Qf5 56. Bd4 g6 57. Be3 Kf7 58. Bf2 Ke6 59. Be3 Qh5 60. Bf2 Kf5 61. Be3 Qe2+ 62. Kg1 Ke5 63. Rg5+ Kf6 64. Rg3 Qd1+ 65. Kg2 Qc2+ 66. Kg1 Kf7 67. Bf2 Qc6 68. Be3 Qf6 69. Kg2 Ke6 70. Bf2 Kd5 71. Kg1 Kc4 72. Re3 Qf5 73. Rg3 Qf4 74. Be3 Qd6 75. Bf2 Qd1+ 76. Kg2 Qe2 77. Re3 Qg4+ 78. Rg3 Qf5 79. Kg1 g5 80. Re3 g4 81. Rg3 Qf4 82. Kg2 Qc1 83. Re3 Kd5 84. Rg3 Ke5 85. Be3 Qc2+ 86. Kg1 Kf5 87. Bf2 Qe2 88. Re3 Qd1+ 89. Kg2 Kf4 90. Ra3 Qd2 91. Rg3 Qe2 92. Ra3 Qc2 93. Rg3 e3 1/2-1/2

[Event "45th National Sub Junior 2019"]
[Site "Tiruchengode"]
[Date "2019.07.12"]
[Round "6.5"]
[White "Sanket Chakravarty"]
[Black "Pranesh M"]
[Result "1-0"]
[ECO "E17"]
[WhiteElo "2107"]
[BlackElo "2343"]
[Annotator "NA"]
[PlyCount "95"]
[EventDate "2019.07.09"]
[EventCountry "IND"]
[SourceTitle "playchess.com"]
[Source "ChessBase"]
[SourceQuality "1"]
[TimeControl "5400+30"]

1. c4 Nf6 2. g3 e6 3. Bg2 d5 4. Nf3 Be7 5. O-O O-O 6. b3 c5 7. cxd5 exd5 8. d4 b6 9. Nc3 Bb7 10. Bb2 Nbd7 11. dxc5 bxc5 12. Ne1 Nb6 13. Nd3 Rb8 14. e3 Bd6 15. Nb5 Be7 16. Be5 Rc8 17. Nxa7 Ra8 18. Nb5 Qd7 19. a4 Ne4 20. Bc7 Ra6 21. Rc1 Na8 22. Bxe4 Nxc7 23. Nxc5 Bxc5 24. Rxc5 Nxb5 25. axb5 Rd6 26. Bg2 Rd8 27. Qd4 Rb6 28. Rxd5 Bxd5 29. Qxb6 Bxb3 30. Qc6 Qe7 31. b6 h6 32. Qc7 Qf8 33. b7 Be6 34. Ra1 Kh7 35. h4 Rb8 36. Ra8 Qb4 37. Qc2+ g6 38. Rxb8 Bf5 39. Qxf5 gxf5 40. Re8 Qe1+ 41. Bf1 Qb1 42. b8=Q Qxb8 43. Rxb8 Kg7 44. Bc4 Kg6 45. h5+ Kg5 46. f4+ Kg4 47. Kg2 f6 48. Be2# 1-0

[Event "45th National Sub Junior 2019"]
[Site "Tiruchengode"]
[Date "2019.07.12"]
[Round "6.6"]
[White "Samant Aditya S"]
[Black "Abhinessh S"]
[Result "1-0"]
[ECO "B01"]
[WhiteElo "2296"]
[BlackElo "1898"]
[Annotator "NA"]
[PlyCount "76"]
[EventDate "2019.07.09"]
[EventCountry "IND"]
[SourceTitle "playchess.com"]
[Source "ChessBase"]
[SourceQuality "1"]
[TimeControl "5400+30"]

1. e4 d5 2. exd5 Qxd5 3. Nc3 Qa5 4. Bc4 Nf6 5. d3 c6 6. Bd2 Qc7 7. Qe2 Bf5 8. h3 h6 9. g4 Bh7 10. f4 Nbd7 11. Nf3 e6 12. Ne5 Nxe5 13. fxe5 Nd7 14. Bf4 g5 15. Bh2 Bb4 16. O-O Bxc3 17. bxc3 Nb6 18. Bb3 O-O-O 19. Rf6 Nd5 20. Bxd5 cxd5 21. Qf2 Bg6 22. Qxa7 h5 23. Qd4 hxg4 24. hxg4 Rh3 25. Kg2 Rdh8 26. Bg3 Qc6 27. Rb1 Kc7 28. a4 b6 29. a5 b5 30. Rff1 R3h7 31. a6 Qb6 32. Qxb6+ Kxb6 33. Ra1 Ra8 34. a7 Kc6 35. Bf2 d4 36. Bxd4 Rh4 37. Kg3 Kd5 38. Ra6 Bh7 1-0

[Event "45th National Sub Junior 2019"]
[Site "Tiruchengode"]
[Date "2019.07.12"]
[Round "6.7"]
[White "Vignesh, N."]
[Black "Rathneesh R"]
[Result "0-1"]
[ECO "B47"]
[WhiteElo "1882"]
[BlackElo "2226"]
[Annotator "NA"]
[PlyCount "42"]
[EventDate "2019.07.09"]
[EventCountry "IND"]
[SourceTitle "playchess.com"]
[Source "ChessBase"]
[SourceQuality "1"]
[TimeControl "5400+30"]

1. e4 c5 2. Nf3 e6 3. Nc3 Nc6 4. d4 cxd4 5. Nxd4 Qc7 6. g3 a6 7. a4 Nf6 8. Bg2 Nxd4 9. Qxd4 Bc5 10. Qd3 Ng4 11. O-O d6 12. Qe2 Ne5 13. Kh1 O-O 14. f4 Nc6 15. Be3 Qb6 16. Nd1 d5 17. exd5 exd5 18. Bxd5 Bh3 19. Re1 Rae8 20. Qf2 Nb4 21. a5 Qc7 0-1

[Event "45th National Sub Junior 2019"]
[Site "Tiruchengode"]
[Date "2019.07.12"]
[Round "6.8"]
[White "Ilamparthi A R"]
[Black "Banerjee, Ashutosh"]
[Result "1-0"]
[ECO "D00"]
[WhiteElo "2036"]
[BlackElo "1849"]
[Annotator "NA"]
[PlyCount "43"]
[EventDate "2019.07.09"]
[EventCountry "IND"]
[SourceTitle "playchess.com"]
[Source "ChessBase"]
[SourceQuality "1"]
[TimeControl "5400+30"]

1. d4 d5 2. Nc3 Nf6 3. Bf4 e6 4. e3 Bd6 5. Nf3 O-O 6. Ne5 a6 7. Bd3 c5 8. g4 Nc6 9. g5 Bxe5 10. Bxe5 Nxe5 11. dxe5 Nd7 12. f4 b5 13. Qh5 g6 14. Qh6 c4 15. f5 exf5 16. Nxd5 Kh8 17. O-O-O cxd3 18. Rxd3 Qe8 19. e4 Qxe5 20. Nf6 Nxf6 21. gxf6 Rg8 22. Qxh7+ 1-0